 Dungeon Crawl Stone Soup version 0.20-a0-926-g560771d (webtiles) character file.

715 Isola the Spear-Bearer (level 7, -7/55 HPs)
             Began as a Merfolk Gladiator on Mar 28, 2017.
             Killed by divine providence
             ... invoked by an orc priest
              (12 damage)
             ... on level 5 of the Dungeon.
             The game lasted 00:08:45 (5143 turns).

Isola the Spear-Bearer (Merfolk Gladiator)          Turns: 5143, Time: 00:08:46

Health: -7/55      AC:  6    Str: 19    XL:     7   Next: 69%
Magic:  7/7        EV: 16    Int: 10    God:
Gold:   242        SH:  2    Dex: 15    Spells: 6/6 levels left

rFire    . . .     SeeInvis .   a - +0 trident
rCold    . . .     Gourm    .   (no shield)
rNeg     . . .     Faith    .   b - +0 leather armour
rPois    .         Spirit   .   c - +1 helmet
rElec    .         Reflect  +   (no cloak)
rCorr    .         Harm     .   (no gloves)
MR       .....                  j - +0 pair of boots
Stlth    +.........             l - +2 amulet of reflection
Regen    0.2/turn               k - ring of flight
MPRegen  0.1/turn               (no ring)

@: mighty, lethally poisoned (-7 -> -11), very slightly contaminated, hasted,
very quick
A: change form in water, swift swim, stealthy swim
a: Evoke Flight


You were on level 5 of the Dungeon.
You were not hungry.

You visited 1 branch of the dungeon, and saw 5 of its levels.
You also visited: Ossuary.

You collected 242 gold pieces.

Inventory:

Hand Weapons
 a - a +0 trident (weapon)
Armour
 b - a +0 leather armour (worn)
 c - a +1 helmet (worn)
 j - a +0 pair of boots (worn)
Jewellery
 k - a ring of flight (left hand)
 l - a +2 amulet of reflection (around neck)
 u - an uncursed ring of teleportation
 x - an uncursed amulet of faith {unknown}
Wands
 t - a wand of flame (18/48)
Scrolls
 d - 2 scrolls of summoning {unknown}
 e - 2 scrolls of enchant armour
 n - a scroll of recharging {unknown}
 p - 2 scrolls of amnesia {unknown}
 s - a scroll of random uselessness {unknown}
 v - a scroll of teleportation {unknown}
 w - a scroll of enchant weapon {unknown}
Potions
 g - 3 potions of haste
 o - a potion of mutation
 q - a potion of might
 r - a potion of agility {unknown}
 z - a potion of ambrosia
 A - a potion of brilliance {unknown}
Comestibles
 f - a bread ration
 h - 2 royal jellies
 i - 3 chunks of flesh
 m - 2 meat rations


   Skills:
 + Level 4.7 Fighting
 * Level 9.3 Polearms
 - Level 2.0 Throwing
 + Level 6.9 Dodging


You had 6 spell levels left.
You didn't know any spells.

Dungeon Overview and Level Annotations

Branches:
Dungeon (5/15)
 Temple: D:4-7

Altars:
Cheibriados
Gozag
Sif Muna
Trog
Wu Jian
Xom

Annotations:
D:5 Isola's ghost, novice MfGl


Message History

You are very lightly contaminated with residual magic.
You barely miss the orc warrior. You closely miss the orc warrior.
You feel sick. The orc warrior misses you.
You barely miss the orc warrior. You hit the orc warrior.
The orc warrior is lightly wounded.
You feel sick.
You closely miss the orc warrior.
The orc warrior is lightly wounded.
The orc warrior hits you with a war axe.
You puncture the orc warrior!
The orc warrior is heavily wounded.
You puncture the orc warrior!
The orc warrior is almost dead.
You feel sick.
The orc warrior hits you with a war axe!
* * * LOW HITPOINT WARNING * * *
The orc priest invokes the aid of Beogh against you.
Beogh smites you!
You die...

.....# . #...#
. #...#### .
#†...(.#
#.##...#
#.##...##
#<##...(#
.......###....#
....... ####@#
....... #o#
....... #...oo#
....... #.##.o#
....... #...
######. #...
.#..# .#..#
..#..#


You could see an orc warrior, 2 orc priests and an orc.

Vanquished Creatures
  An ogre (D:4)
  A necrophage (D:4)
  An elf zombie (Ossuary)
  2 scorpions
  2 centaur zombies (Ossuary)
  A human zombie (Ossuary)
  2 orc priests
  Ijyb (D:4)
  A big kobold zombie (Ossuary)
  3 mummies
  3 adders
  An ooze (D:1)
  An adder zombie (Ossuary)
  2 worms
  4 dart slugs
  3 leopard geckos
  12 orcs
  4 giant cockroaches
  4 goblins
  5 hobgoblins
  8 jackals
  8 kobolds
  9 bats
  4 frilled lizards
  A goblin zombie (Ossuary)
  7 hobgoblin zombies (Ossuary)
  2 jackal zombies (Ossuary)
  11 kobold zombies (Ossuary)
  A leopard gecko skeleton (D:4)
  10 orc zombies (Ossuary)
  9 rats
  A fungus (D:1)
125 creatures vanquished.

Notes
Turn   | Place    | Note
-------+----------+-------------------------------------------
     0 | D:1      | Isola the Merfolk Gladiator began the quest for the Orb.
     0 | D:1      | Reached XP level 1. HP: 16/16 MP: 1/1
   147 | D:1      | Reached XP level 2. HP: 22/22 MP: 2/2
   222 | D:1      | Reached skill level 5 in Polearms
   420 | D:1      | Reached XP level 3. HP: 27/27 MP: 3/3
   864 | D:2      | Reached skill level 5 in Dodging
   878 | D:2      | Reached XP level 4. HP: 24/34 MP: 4/4
  1347 | D:2      | Reached skill level 6 in Polearms
  1872 | D:3      | Reached XP level 5. HP: 30/40 MP: 5/5
  2301 | D:3      | Found a deep blue altar of Sif Muna.
  2442 | D:3      | Found a bloodstained altar of Trog.
  2442 | D:3      | Found an opulent altar of Gozag.
  2443 | D:3      | Found an ornate altar of the Wu Jian Council.
  2530 | D:4      | Noticed Ijyb
  2544 | D:4      | Noticed an ogre
  2878 | D:4      | Found a sand-covered staircase.
  2884 | D:4      | Reached skill level 7 in Polearms
  3025 | Ossuary  | Entered an ossuary
  3300 | Ossuary  | Reached XP level 6. HP: 34/47 MP: 6/6
  3782 | Ossuary  | Reached skill level 8 in Polearms
  3900 | D:4      | Killed Ijyb
  3900 | D:4      | Reached XP level 7. HP: 42/54 MP: 7/7
  4683 | D:5      | Entered Level 5 of the Dungeon
  4683 | D:5      | Found a shimmering altar of Xom.
  4683 | D:5      | Found a snail-covered altar of Cheibriados.
  4684 | D:5      | Found a deep blue altar of Sif Muna.
  4687 | D:5      | Noticed Isola's ghost (novice MfGl)
  4708 | D:4      | Reached skill level 9 in Polearms
  5143 | D:5      | Killed from afar by an orc priest

Vault maps used:
D:1:      onia_arrival_mini_maze
D:3:      gammafunk_temple_overflow_forgotten, led_sif_pool
D:4:      gup_ossuary_entry_pyramid, kennysheep_small_square, uniq_iyjb
D:5:      grunt_temple_overflow_open, okawaru_altar_gauntlet_db,
          minmay_temple_entry_mist, first_bread
Ossuary:  ossuary_tomb_1

Skill      XL: |  1  2  3  4  5  6  7 |
---------------+----------------------+-----
Polearms       | 5 6 7 8 9 |  9.3
Dodging        | 5 6 |  6.9
Fighting       | 3 4 |  4.7
Throwing       | |  2.0

Action                   |  1- 3 |  4- 6 |  7- 9 || total
-------------------------+-------+-------+-------++-------
Melee: Trident           |   106 |   305 |    88 ||   499
Throw: Throwing net      |       |     3 |     5 ||     8
  Use: Scroll            |       |     7 |     1 ||     8
       Potion            |       |     2 |     3 ||     5
 Stab: Sleeping          |     2 |     2 |       ||     4
       Distracted        |       |     1 |       ||     1
       Held in net/web   |       |       |     2 ||     2
  Eat: Chunk             |       |     7 |     6 ||    13
       Fruit             |       |     1 |       ||     1
Armor: Leather armour    |    14 |    61 |     6 ||    81
Dodge: Dodged            |    62 |   179 |    43 ||   284
Block: Other             |       |     7 |     3 ||    10
